 Dungeon Crawl Stone Soup version 0.28.0-43-g3370ac3207 (webtiles) character file.

Game seed: 4802205783492226998

199 experimilk the Chopper (level 5, 0/40 HPs)
             Began as a Palentonga Warper on Mar 18, 2022.
             Was an Initiate of Wu Jian.
             Slain by a scorpion (7 damage)
             ... on level 3 of the Dungeon.
             The game lasted 00:10:59 (4588 turns).

experimilk the Chopper (Palentonga Warper)          Turns: 4588, Time: 00:11:00

Health: 0/40       AC:  5    Str: 16    XL:     5   Next: 48%
Magic:  6/8        EV:  9    Int: 14    God:    Wu Jian [......]
Gold:   61         SH:  0    Dex:  9    Spells: 3/8 levels left

rFire   . . .      SeeInvis +   a - +0 hand axe
rCold   . . .      Faith    .   (no shield)
rNeg    . . .      Spirit   .   b - +0 leather armour
rPois   .          Reflect  .   m - +0 helmet
rElec   .          Harm     .   (no cloak)
rCorr   .          Rampage  .   (no gloves)
Will    .....                   (no barding)
Stlth   +.........              (no amulet)
HPRegen 0.13/turn               (no ring)
MPRegen 0.11/turn               (no ring)

@: lethally poisoned (0 -> -9), attractive
A: large, rugged brown scales 3, see invisible, deformed body, roll 1, armoured
tail
a: Rolling Charge, Renounce Religion


You were on level 3 of the Dungeon.
You worshipped Wu Jian.
Wu Jian was noncommittal.
You visited 1 branch of the dungeon, and saw 4 of its levels.

You collected 61 gold pieces.

Inventory:

Hand Weapons
 a - a +0 hand axe (weapon)
Missiles
 d - 4 boomerangs of dispersal (quivered)
 h - 3 boomerangs
 j - 2 throwing nets
Armour
 b - a +0 leather armour (worn)
 k - a +0 ring mail
 m - a +0 helmet (worn)
Scrolls
 f - 2 scrolls of magic mapping
 g - a scroll of amnesia {unknown}
 l - a scroll of vulnerability {unknown}
Potions
 i - a potion of berserk rage {unknown}


   Skills:
 - Level 2.0 Fighting
 * Level 5.5 Axes
 - Level 0.6 Throwing
 - Level 0.7 Armour
 - Level 1.5 Dodging
 - Level 2.0 Spellcasting
 + Level 3.4 Translocations


You had 3 spell levels left.
You knew the following spells:

 Your Spells              Type           Power      Damage    Failure   Level
a - Blink                 Tloc           22%        N/A       11%         2
b - Gell's Gravitas       Tloc           11%        N/A       22%         3

Your spell library contained the following spells:

 Spells                   Type           Power      Damage    Failure   Level
 Lesser Beckoning         Tloc           11%        N/A       22%         3
 Teleport Other           Tloc           11%        N/A       22%         3
 Manifold Assault         Tloc           11%        N/A       89%         5
 Dispersal                Tloc           5%         N/A       100%        6


Dungeon Overview and Level Annotations

Branches:
Dungeon (4/15)
 Temple: D:4-7

Altars:
Wu Jian

Shops:
D:3 :


Innate Abilities, Weirdness & Mutations

You are completely covered in rugged brown scales. (AC +3, +7% HP)
You have supernaturally acute eyesight. (SInv)
Armour fits poorly on your strangely shaped body.
You can roll at nearby foes to attack.
You have a long armoured tail.


Message History

The scorpion stings you but does no damage.
You closely miss the scorpion. The scorpion stings you!
Casting: Blink (safe; 11% risk of failure)
Confirm with . or Enter, or press ? or * to list all spells.
You blink.
The scorpion stings you.
You are poisoned.
The scorpion poisons you!
You hit the scorpion.
The scorpion is moderately wounded.
You feel sick. The scorpion stings you.
You hit the scorpion.
Your tail-slap misses the scorpion.
You punch the scorpion, but do no damage.
The scorpion is moderately wounded.
You feel sick. The scorpion stings you.
Okay, then.
Casting: Blink (safe; 11% risk of failure)
Confirm with . or Enter, or press ? or * to list all spells.
Okay, then.
Blink to where?
Press: ? - help, Q - select action, (/) - cycle Dir - move target
As you read the scroll of blinking, it crumbles to dust.
You feel sick.
You feel stable enough to blink again.
You feel sick.
Roll where?
Press: ? - help, Dir - move target, f - scorpion
Aim: a scorpion (moderately wounded)
You roll forward with a clatter of scales!
You hit the scorpion.
The scorpion is severely wounded.
You feel sick. The scorpion stings you.
* * * LOW HITPOINT WARNING * * *
You are lethally poisoned!
The scorpion poisons you! The scorpion barely misses you.
It was a potion of attraction.
You feel attractive to monsters.
* * * LOW HITPOINT WARNING * * *
You feel very sick. The scorpion stings you!
You die...

#.# ##.######### ######
.#.#.......#####....#
.#...>.....#........#
.###.......#.#.#.#..#
.#########.#........###
.............#.#.#...>#
.########[[#.....s.######
.#
#).#.#.#@#......########
.#
#.[#...°...............#
##
#).###○................#
#.......#######........#
# #.####### #........# ##
#.# #........# .# #.#
#........# .## #.#
##........# ..# #.#
#.........#


You could see a scorpion.

Vanquished Creatures
  An orc wizard (D:3)
  4 gnolls
  6 adders
  A dart slug (D:2)
  16 orcs
  6 endoplasms
  2 giant cockroaches
  5 goblins
  5 hobgoblins
  2 quokkas (D:1)
  4 ball pythons
  3 bats
  6 frilled lizards
  3 kobolds
  7 rats
71 creatures vanquished.

Notes
Turn   | Place    | Note
-------+----------+-------------------------------------------
     0 | D:1      | experimilk the Palentonga Warper began the quest for the
                  | Orb.
     0 | D:1      | Reached XP level 1. HP: 17/17 MP: 3/3
    23 | D:1      | Reached XP level 2. HP: 12/23 MP: 5/5
   246 | D:1      | Reached skill level 3 in Axes
  1061 | D:1      | Reached XP level 3. HP: 26/28 MP: 6/6
  1366 | D:1      | Found a faded altar of an unknown god.
  1615 | D:2      | Learned a level 2 spell: Blink
  1619 | D:2      | Learned a level 3 spell: Gell's Gravitas
  1631 | D:2      | Reached skill level 4 in Axes
  2176 | D:2      | Reached XP level 4. HP: 30/35 MP: 7/7
  2931 | D:3      | Reached skill level 5 in Axes
  3737 | D:3      | Reached XP level 5. HP: 40/40 MP: 5/8
  3793 | D:3      | Found Vig Hay's Book Boutique.
  4114 | D:3      | Found an ornate altar of the Wu Jian Council.
  4123 | D:3      | Became a worshipper of the Wu Jian Council
  4588 | D:3      | Slain by a scorpion

Illustrated notes

Levels and vault maps discovered:
D:1:      evilmike_arrival_crescent, layout_rooms,
          chequers_ecumenical_altar_grove, serial_curves, eino_curves_01,
          eino_curves_01
D:2:      layout_loops_ring
D:3:      layout_basic, lemuel_coloured_pillars_altar, serial_shops,
          nicolae_shop_waterfront, serial_glass, glass_columns_b,
          glass_columns_c, due_unseen_surprise, item_on_display_b
D:4:      layout_rooms, grunt_ministairs_9

Skill      XL: |  1  2  3  4 |
---------------+-------------+-----
Axes           | 3 4 5 |  5.5
Fighting       | |  2.0
Throwing       | |  0.6
Armour         | |  0.7
Dodging        | |  1.5
Spellcasting   | |  2.0
Translocations | |  3.4

Action                   |  1- 3 |  4- 6 || total
-------------------------+-------+-------++-------
Melee: Hand axe          |   120 |   119 ||   239
       Tailslap          |    11 |    12 ||    23
       Punch             |       |     3 ||     3
Throw: Boomerang         |     1 |       ||     1
 Cast: Blink             |     1 |     8 ||     9
       Gell's Gravitas   |       |     3 ||     3
 Abil: Rolling Charge    |     8 |    21 ||    29
  Use: Scroll            |       |     2 ||     2
       Potion            |       |     1 ||     1
Armor: Leather armour    |    53 |    31 ||    84
Dodge: Dodged            |    60 |    65 ||   125
